AoeStats
← m_paruch

Arena

509470312Analyzed
1v1 RM · 4d ago on Sep 26, 2026· 43m 5s· 2 players
Game mode
Random Map
Map size
Tiny (2 player)
Population
200
Speed
Normal
Resources
Standard
Victory
Conquest
Starting age
Dark Age
Ending age
Imperial Age
RankedLock teamsTeams togetherTeam positionsShared explorationLock speedFull tech treeHidden civsTurbo modeCheats
Victory
Defeat
🇨🇱 Franks · Chile
250
+22
🇺🇸 Teutons · United States
398
-22
Katu
6:12 Loom
10:45 Feudal Age
12:06 Wheelbarrow
14:42 Town Watch
15:33 Double-Bit Axe
18:00 Gold Mining
22:07 Castle Age
20:14 Stone Mining
23:05 Hand Cart
28:28 Forging
32:41 Gold Shaft Mining
33:19 Iron Casting
33:59 Fortified Wall
37:09 Imperial Age
36:01 Bow Saw
36:09 Scale Mail Armor
38:23 Cavalier
40:18 Elite Throwing Axeman
42:18 Masonry
42:00 Guard Tower
42:09 Murder Holes
m_paruch
4:33 Loom
10:48 Feudal Age
12:05 Wheelbarrow
11:29 Horse Collar
11:57 Double-Bit Axe
17:44 Forging
17:35 Scale Mail Armor
20:25 Fletching
20:35 Padded Archer Armor
20:33 Gold Mining
20:34 Stone Mining
21:06 Man-at-Arms
27:00 Castle Age
28:46 Hand Cart
29:19 Chain Mail Armor
29:39 Iron Casting
29:21 Leather Archer Armor
29:11 Scale Barding Armor
29:35 Heavy Plow
30:06 Bow Saw
30:49 Elite Skirmisher
33:54 Stone Shaft Mining
33:03 Pikeman
33:04 Long Swordsman
35:52 Bodkin Arrow
41:17 Imperial Age
39:30 Ironclad
41:57 Two-Handed Swordsman
41:58 Halberdier
43:46 Two-Man Saw
43:17 Crop Rotation
43:24 Crenellations
43:25 Conscription
Connection lost

Rejoining the realm…

Still unreachable

The connection could not be restored.

Session expired

The server has moved on; the page needs a fresh start.